 Dungeon Crawl Stone Soup version 0.31-a0-237-g2d982f9f85 (webtiles) character file.

Game seed: 1864239082381765895

19 qw the Shooter (level 2, -3/16 HPs)
             Began as a Gargoyle Hexslinger on July 11, 2023.
             Slain by a worm (9 damage)
             ... on level 2 of the Dungeon.
             The game lasted 00:00:08 (468 turns).

qw the Shooter (Gargoyle Hexslinger)                 Turns: 468, Time: 00:00:09

Health: -3/16      AC:  5    Str: 11    XL:     2   Next: 75%
Magic:  3/3        EV: 11    Int: 13    God:
Gold:   0          SH:  0    Dex: 12    Spells: 2/3 levels left

rFire   . . .        a - +1 sling
rCold   . . .        (no shield)
rNeg    + . .        e - +0 leather armour
rPois   inf          (no helmet)
rElec   +            (no cloak)
rCorr   .            (no gloves)
SInv    .            (no boots)
Will    .....        (no amulet)
Stlth   +            (no ring)
HPRegen 0.22/turn    (no ring)
MPRegen 0.08/turn

%: no passive effects
@: no status effects
A: sickness immunity, AC +2, negative energy resistance 1, electricity
resistance, torment resistance 1, petrification resistance
a: no special abilities


You were on level 2 of the Dungeon.
You visited 1 branch of the dungeon, and saw 2 of its levels.


Innate Abilities, Weirdness & Mutations

You are immune to sickness and miasma.
Your stone body is resilient. (AC +2)
You are immune to poison.
You resist negative energy. (rN+)
You are resistant to electric shocks. (rElec)
You are resistant to unholy torment.
You are immune to petrification.


   Skills:
 + Level 1.1 Fighting
 - Level 3.2 Ranged Weapons
 - Level 1.5 Dodging
 - Level 1.0 Spellcasting
 - Level 2.6 Hexes


You had 2 spell levels left.
You knew the following spells:

 Your Spells              Type           Power      Damage    Failure   Level
a - Slow                  Hex            28%        N/A       12%         1

Your spell library contained the following spells:

 Spells                   Type           Power      Damage    Failure   Level
 Inner Flame              Hex/Fire       4%         N/A       54%         3
 Portal Projectile        Hex/Tloc       8%         N/A       54%         3
 Cause Fear               Hex            3%         N/A       77%         4

Inventory:

Hand Weapons
 a - a +1 sling (weapon)
Armour
 e - a +0 leather armour (worn)
Potions
 d - 2 potions of curing
 f - a potion of brilliance {unknown}

Dungeon Overview and Level Annotations

Branches:
Dungeon (2/15)

Altars:


Message History

The adder barely misses you. The adder bites you.
You shoot a sling bullet.
The sling bullet barely misses the adder.
The adder barely misses you. The adder closely misses you.
You shoot a sling bullet. The sling bullet hits the adder.
The adder is heavily wounded.
The adder completely misses you.
You shoot a sling bullet. The sling bullet hits the adder.
The adder is almost dead.
The adder barely misses you. The adder completely misses you.
You shoot a sling bullet.
The sling bullet closely misses the adder.
The sling bullet hits the worm.
The worm is lightly wounded.
The adder bites you. The adder barely misses you.
You shoot a sling bullet.
The sling bullet completely misses the adder.
The sling bullet hits the worm.
The worm is moderately wounded.
The adder barely misses you.
You shoot a sling bullet. The sling bullet hits the adder.
You kill the adder!
The worm bites you!
Your Ranged Weapons skill increases to level 3!
You shoot a sling bullet.
The sling bullet barely misses the worm.
The worm closely misses you.
You shoot a sling bullet. The sling bullet hits the worm.
The worm is moderately wounded.
The worm bites you but does no damage.
You shoot a sling bullet. The sling bullet hits the worm.
The worm is heavily wounded.
You shoot a sling bullet. The sling bullet hits the worm.
The worm is severely wounded.
The worm closely misses you.
You shoot a sling bullet. The sling bullet hits the worm.
The worm is almost dead.
The worm bites you!
Ouch! That really hurt!
You die...

#.# #. #.##### ##+##.
#.....# .#...#. #####.#
....... ####.# .<.....##
##.##.#
...<....####...#.#######
........+...............
......%@####...#.#######
......w#..?....#[#
#.....##.###.....#
##...# #.# #.#.### ##+#
#.# #.#.# ..# #.#.# ...
....# .... #.# .... .#


You could see a worm.

Vanquished Creatures
  An adder (D:2)
  A giant cockroach (D:1)
  2 goblins
  A hobgoblin (D:2)
  2 quokkas (D:1)
  2 frilled lizards (D:1)
  A kobold (D:1)
10 creatures vanquished.

Notes
Turn   | Place    | Note
-------+----------+-------------------------------------------
     0 | D:1      | qw the Gargoyle Hexslinger began the quest for the Orb.
     0 | D:1      | Reached XP level 1. HP: 12/12 MP: 2/2
     0 | D:1      | 0 ||| qw: Version: 0.3-a-52-g30416fa
     0 | D:1      | 0 ||| qw: Game counter: 5588
     0 | D:1      | 0 ||| qw: Melee chars always use a shield: true
     0 | D:1      | 0 ||| qw: God list: Okawaru
     0 | D:1      | 0 ||| qw: Allow faded altars: false
     0 | D:1      | 0 ||| qw: Do Orc after clearing Dungeon:15 true
     0 | D:1      | 0 ||| qw: Do second Lair branch before Depths: true
     0 | D:1      | 0 ||| qw: Lair rune preference: random
     0 | D:1      | 0 ||| qw: Goals: Normal
     0 | D:1      | 0 ||| PLANNING D:1-11
   311 | D:1      | Reached XP level 2. HP: 16/16 MP: 3/3
   327 | D:1      | You fall into a shaft and drop 1 floor!
   440 | D:2      | 440 ||| UPGRADING to +0 leather armour.
   450 | D:2      | 450 ||| DROPPING +0 robe.
   451 | D:2      | 451 ||| DRINKING 3 ruby potions.
   452 | D:2      | 452 ||| DROPPING scroll of poison.
   464 | D:2      | Reached skill level 3 in Ranged Weapons
   468 | D:2      | Slain by a worm

Levels and vault maps discovered:
D:1:      dpeg_arrival_rooms_b, layout_basic
D:2:      layout_loops_corners, basic_altar, minmay_misc_feat_diagonals

Skill      XL: |  1  2 |
---------------+-------+-----
Ranged Weapons | 3 |  3.2
Fighting       | |  1.1
Dodging        | |  1.5
Spellcasting   | |  1.0
Hexes          | |  2.6

Action                     || total
---------------------------++-------
   Fire: Sling             ||    39
    Use: Potion            ||     1
 Armour: Robe              ||     4
         Leather armour    ||     1
  Dodge: Dodged            ||    14

Table legend:
 A = Non-vault XP
 B = Vault XP
 C = Vault XP percentage of total XP
 D = Non-vault monster count
 E = Vault monster count
 F = Vault count percentage of total count
                 A         B        C        D         E       F
            +---------+---------+-------+---------+---------+-------
      Total |      28 |       0 |   0.0 |      10 |       0 |   0.0
            +---------+---------+-------+---------+---------+-------
        D:1 |      11 |       0 |   0.0 |       7 |       0 |   0.0
        D:2 |      17 |       0 |   0.0 |       3 |       0 |   0.0
            +---------+---------+-------+---------+---------+-------
